 Dungeon Crawl Stone Soup version 0.30-a0-721-ga6a225cb13 (webtiles) character file.

Game seed: 15818692877393248279

499 Fenrisus the Shield-Bearer (level 6, -2/62 HPs)
             Began as a Troll Fighter on Jan 27, 2023.
             Slain by a gnoll
             ... wielding a +0 halberd
             ... led by a gnoll bouda
              (12 damage)
             ... on level 4 of the Dungeon.
             The game lasted 00:06:30 (2891 turns).

Fenrisus the Shield-Bearer (Troll Fighter)          Turns: 2891, Time: 00:06:30

Health: -2/62      AC:  4    Str: 25    XL:     6   Next: 94%
Magic:  5/5        EV:  9    Int:  4    God:
Gold:   65         SH:  8    Dex: 11    Spells: 5/5 levels left

rFire   . . .      SeeInvis .      - Unarmed
rCold   . . .      Faith    .    b - +0 kite shield
rNeg    . . .      Spirit   .    a - +0 robe
rPois   .          Reflect  .    (helmet restricted)
rElec   .          Harm     .    (no cloak)
rCorr   .          Rampage  .    (gloves unavailable)
Will    .....                    (boots unavailable)
Stlth   +                        (no amulet)
HPRegen 1.10/turn                (no ring)
MPRegen 0.09/turn                (no ring)

@: mighty
A: large, unfitting armour, claws 3, regeneration 1, shaggy fur 1, tough skin 1
a: no special abilities


You were on level 4 of the Dungeon.
You visited 2 branches of the dungeon, and saw 5 of its levels.

You collected 219 gold pieces.
You spent 154 gold pieces at shops.

Inventory:

Armour
 a - a +0 robe (worn)
 b - a +0 kite shield (worn)
Scrolls
 f - 2 scrolls of poison
 g - 2 scrolls of amnesia
 h - 2 scrolls of teleportation
 i - a scroll of fog
Potions
 c - a potion of might
 d - 3 potions of flight
 e - 2 potions of mutation
 j - 2 potions of heal wounds {unknown}
 k - a potion of haste {unknown}
 l - a potion of invisibility {unknown}
 m - a potion of berserk rage {unknown}
 n - a potion of magic {unknown}


   Skills:
 + Level 3.8 Fighting
 + Level 3.9 Dodging
 + Level 4.2 Shields
 + Level 4.1 Unarmed Combat


You had 5 spell levels left.
You didn't know any spells.
Your spell library contained the following spells:

 Spells                   Type           Power      Damage    Failure   Level
 Blink                    Tloc           0%         N/A       89%         2
 Lesser Beckoning         Tloc           0%         N/A       89%         2
 Momentum Strike          Conj/Tloc      0%         3d8       89%         2


Dungeon Overview and Level Annotations

Branches:
Dungeon (4/15)             Temple (1/1) D:4

Altars:
Cheibriados
Fedhas
Gozag
Kikubaaqudgha
Makhleb
Uskayaw
Xom
Zin
The Shining One

Shops:
D:3 ?


Innate Abilities, Weirdness & Mutations

You are too large for most types of armour.
You have claws for hands.
Your natural rate of healing is unusually fast.
You are covered in fur. (AC +1)
You have tough skin. (AC +1)


Message History

You scratch the gnoll but do no damage. The gnoll hits you with a +0 flail.
You scratch the gnoll.
The gnoll is moderately wounded.
You block the gnoll's attack. The gnoll closely misses you.
You barely miss the gnoll.
The gnoll is moderately wounded.
The gnoll hits you from afar with a +0 halberd.
The gnoll hits you with a +0 flail! You block the gnoll bouda's attack.
You scratch the gnoll.
The gnoll is severely wounded.
You block the gnoll's attack. The gnoll hits you with a +0 flail!
The gnoll bouda hits you with a +0 club.
You scratch the gnoll but do no damage.
The gnoll is severely wounded.
The gnoll barely misses you. x2
The gnoll bouda calls upon its god to heal the gnoll.
The gnoll is healed somewhat.
The gnoll hits you from afar with a +0 halberd!
You are too injured to fight recklessly!
You are too injured to fight recklessly!
You are too injured to fight recklessly!
You are too injured to fight recklessly!
The gnoll bouda attacks as you move away!
The gnoll bouda hits you with a +0 club.
* * * LOW HITPOINT WARNING * * *
You block the gnoll's attack.
Read: 3 scrolls of poison
Press: ? - help, Q - select action, (/) - cycle Dir - look around, f - activate The air fills with toxic fumes!
As you read the scroll of poison, it crumbles to dust.
The gnoll hits you from afar with a +0 halberd.
* * * LOW HITPOINT WARNING * * *
The gnoll closely misses you.
You completely miss the gnoll.
The gnoll is moderately wounded.
You block the gnoll's attack. The gnoll hits you with a +0 flail.
* * * LOW HITPOINT WARNING * * *
You feel very mighty all of a sudden.
The gnoll hits you from afar with a +0 halberd!
You die...

...#
######.#
......
#......#
#.##.#
#.######
#....#
#.....#
######
#####.# #
#.##.#
#....#
#§#########
#§§§§§§§@§#
#########g#
#...)g#
#.#...§
####§# §#
##


You could see 2 gnolls.

Vanquished Creatures
  A phantom (D:4)
  A scorpion (D:4)
  2 orc priests (D:3)
  2 hounds
  An iguana (D:4)
  Natasha (thrice) (D:4)
  5 gnolls (D:4)
  3 adders
  2 worms
  2 dart slugs (D:2)
  4 orcs (D:3)
  7 endoplasms
  5 giant cockroaches
  5 goblins
  4 hobgoblins
  5 jackals
  5 kobolds (D:3)
  3 quokkas
  2 ball pythons
  5 bats
  3 frilled lizards
  6 rats
76 creatures vanquished.

Notes
Turn   | Place    | Note
-------+----------+-------------------------------------------
     0 | D:1      | Fenrisus the Troll Fighter began the quest for the Orb.
     0 | D:1      | Reached XP level 1. HP: 22/22 MP: 0/0
   141 | D:1      | Found a faded altar of an unknown god.
   392 | D:1      | Reached XP level 2. HP: 29/29 MP: 1/1
   966 | D:2      | Reached XP level 3. HP: 36/36 MP: 2/2
  1536 | D:3      | Reached XP level 4. HP: 44/44 MP: 3/3
  1587 | D:3      | Reached XP level 5. HP: 42/53 MP: 4/4
  1599 | D:3      | Found Wehukeur's Magic Scroll Emporium.
  1630 | D:3      | Bought a scroll of identify for 28 gold pieces
  1630 | D:3      | Bought a scroll of teleportation for 42 gold pieces
  1630 | D:3      | Bought a scroll of poison for 56 gold pieces
  1630 | D:3      | Bought 2 scrolls of noise for 28 gold pieces
  2489 | D:4      | Found a glowing golden altar of the Shining One.
  2507 | D:4      | Reached XP level 6. HP: 53/61 MP: 5/5
  2600 | D:4      | Found a staircase to the Ecumenical Temple.
  2600 | D:4      | Noticed Natasha
  2609 | D:4      | Killed Natasha
  2628 | D:4      | Noticed Natasha
  2635 | D:4      | Killed Natasha
  2665 | D:4      | Noticed Natasha
  2671 | D:4      | Killed Natasha
  2687 | Temple   | Entered the Ecumenical Temple
  2891 | D:4      | Slain by a gnoll

Illustrated notes

Levels and vault maps discovered:
D:1:      amcnicky_arrival_gap_in_the_tavern_cellar, layout_loops_ring,
          shapermc_ecumenical_altar_ellora
D:2:      layout_loops_corners
D:3:      layout_loops_ring, serial_shops, shop_coins, minivault_27, st_stairs_8
D:4:      layout_basic, mainiacjoe_overflow_surrounded_room,
          nemelex_spade_bored_becter, temple_hall, uniq_grinder, uniq_menkaure,
          uniq_natasha, uniq_edmund
Temple:   hellmonk_temple_two_chambers

Skill      XL: |  1  2  3  4  5  6 |
---------------+-------------------+-----
Shields        | 3 4 |  4.2
Dodging        | 3 |  3.9
Fighting       | 3 |  3.8
Unarmed Combat | 3 4 |  4.1

Action                     |  1- 3 |  4- 6 || total
---------------------------+-------+-------++-------
  Melee: Unarmed           |    87 |   131 ||   218
    Use: Scroll            |       |     8 ||     8
         Potion            |       |     1 ||     1
   Stab: Sleeping          |     2 |     1 ||     3
 Armour: Robe              |    23 |    32 ||    55
  Dodge: Dodged            |    32 |    41 ||    73
  Block: Kite shield       |    30 |    58 ||    88

Table legend: (Time is in decaauts)
 A = Elapsed time spent in this place.
 B = Non-inter-level travel time spent in this place.
 C = Inter-level travel time spent in this place.
 D = Time resting spent in this place.
 E = Time spent auto-exploring this place.
 F = Levels seen in this place.
 G = Mean time per level.
                   A        B        C        D        E       F      G
               +--------+--------+--------+--------+--------+-----+--------+
         Total |   2914 |   2738 |    176 |    129 |   2098 |   5 |  582.8 |
       Dungeon |   2881 |   2737 |    144 |    129 |   2098 |   4 |  720.2 |
        Temple |     33 |      1 |     32 |      0 |      0 |   1 |   33.0 |
               +--------+--------+--------+--------+--------+-----+--------+

Top non-repeatable levels by time:
     D:2: 830 daAuts
     D:3: 812 daAuts
     D:1: 706 daAuts
     D:4: 532 daAuts
  Temple: 33 daAuts
